 Dungeon Crawl Stone Soup version 0.23-a0-375-g66a18ee0fb (webtiles) character file.

341 LostNumber the Sneak (level 6, -10/34 HPs)
             Began as a Kobold Assassin on Oct 26, 2018.
             Was an Initiate of Hepliaklqana.
             Mangled by Prince Ribbit (13 damage)
             ... on level 5 of the Dungeon.
             The game lasted 00:08:39 (4155 turns).

LostNumber the Sneak (Kobold Assassin)              Turns: 4155, Time: 00:08:39

Health: -10/34     AC:  6    Str: 11    XL:     6   Next: 87%
Magic:  6/6        EV: 12    Int: 12    God:    Hepliaklqana [......]
Gold:   245        SH:  0    Dex: 16    Spells: 5/5 levels left

rFire    . . .     SeeInvis .   b - +0 blowgun
rCold    . . .     Gourm    .   (shield restricted)
rNeg     . . .     Faith    .   B - +0 ring mail
rPois    .         Spirit   .   (no helmet)
rElec    .         Reflect  .   d - +0 cloak
rCorr    .         Harm     .   (no gloves)
MR       .....                  (no boots)
Stlth    +++.......             (no amulet)
HPRegen  0.11/turn              (no ring)
MPRegen  0.10/turn              (no ring)

@: no status effects
A: small, reduced essence, carnivore
a: Recall Ancestor, Ancestor Identity, Renounce Religion


You were on level 5 of the Dungeon.
You worshipped Hepliaklqana.
Hepliaklqana was noncommittal.
You were completely stuffed.

You visited 2 branches of the dungeon, and saw 6 of its levels.

You collected 245 gold pieces.

Inventory:

Hand Weapons
 a - a +2 dagger
 b - a +0 blowgun (weapon)
Missiles
 e - 27 poisoned needles (quivered)
Armour
 c - a +0 robe
 d - a +0 cloak (worn)
 i - a +0 scale mail
 m - a +0 leather armour
 w - a scarf of resistance
 B - a +0 ring mail (worn)
Jewellery
 y - an uncursed ring of stealth {unknown}
 z - an uncursed amulet of regeneration {unknown}
Scrolls
 h - a scroll of noise {unknown}
 k - a scroll of blinking {unknown}
 l - 2 scrolls of amnesia {unknown}
 s - 2 scrolls of identify {unknown}
 t - 4 scrolls of teleportation {unknown}
 u - 2 scrolls of magic mapping {unknown}
 x - 3 scrolls of fear {unknown}
 C - a scroll of enchant weapon {unknown}
 D - a scroll of remove curse {unknown}
 E - a scroll of immolation {unknown}
Potions
 j - 4 potions of cancellation {unknown}
 n - 2 potions of haste {unknown}
 o - 2 potions of curing {unknown}
 p - 2 potions of flight {unknown}
 q - a potion of brilliance {unknown}
 r - 2 potions of might {unknown}
 v - a potion of resistance {unknown}
 A - a potion of heal wounds {unknown}
 F - a potion of lignification {unknown}
Comestibles
 g - 8 rations


   Skills:
 + Level 4.1 Fighting
 * Level 6.5 Short Blades
 - Level 2.1 Throwing
 - Level 1.2 Dodging
 + Level 7.1 Stealth


You had 5 spell levels left.
You didn't know any spells.
Your spell library was empty.

Dungeon Overview and Level Annotations

Branches:
Dungeon (5/15)             Temple (1/1) D:5

Altars:
Ashenzari
Dithmenos
Fedhas
Gozag
Hepliaklqana
Nemelex Xobeh
Okawaru
Qazlal
Sif Muna
Trog
Uskayaw
Xom
Yredelemnul
Zin

Annotations:
D:3 3 runed doors, lilly's ghost, amateur FeFi
D:5 Prince Ribbit


Innate Abilities, Weirdness & Mutations

You are small and have problems with some larger weapons.
You are carnivorous and can eat meat at any time.
Your life essence is reduced to manifest your ancestor. (-10% HP)


Message History

You shoot a poisoned needle.
The poisoned needle closely misses Prince Ribbit.
Prince Ribbit hits you!
* * * LOW HITPOINT WARNING * * *
Prince Ribbit blinks!
Firing (i - inventory)
e - 29 poisoned needles (quivered)
Press: ? - help, Shift-Dir - straight line, f/p - Prince Ribbit
Aim: Prince Ribbit (lightly wounded, poisoned)
You shoot a poisoned needle.
The poisoned needle misses Prince Ribbit.
Prince Ribbit looks more healthy.
Prince Ribbit croaks regally.
Firing (i - inventory)
e - 28 poisoned needles (quivered)
Press: ? - help, Shift-Dir - straight line, f/p - Prince Ribbit
Aim: Prince Ribbit (lightly wounded)
You shoot a poisoned needle. The poisoned needle hits Prince Ribbit.
Prince Ribbit is poisoned.
Prince Ribbit is lightly wounded.
Prince Ribbit hits you!
You die...

... .##.........
.....+ ....
.?(#..$.... #...#
.....#..#.......
#...#
........#.......
#....
####.#.......
#.... #..(.....#
####... #(##(###.#
#...... # #.#
#...... #@#
#......
#F##########......
#>................
##(##(######......
.........#....#
#......
###.####(#....#
#...### .#....#
#...# .#....#
##'##
.#....####..#


You could see Prince Ribbit.

Vanquished Creatures
  An ogre (D:5)
  2 crimson imps
  A worker ant (D:4)
  A hound skeleton (D:3)
  6 adders
  3 worms
  2 dart slugs (D:1)
  3 leopard geckos
  An orc (D:4)
  2 ball pythons
  6 giant cockroaches
  16 goblins
  7 hobgoblins
  4 jackals (D:1)
  8 bats
  3 frilled lizards
  6 kobolds
  9 rats
81 creatures vanquished.

Vanquished Creatures (others)
  An ancestor (D:5)
1 creature vanquished.

Grand Total: 82 creatures vanquished

Notes
Turn   | Place    | Note
-------+----------+-------------------------------------------
     0 | D:1      | LostNumber the Kobold Assassin began the quest for the Orb.
     0 | D:1      | Reached XP level 1. HP: 12/12 MP: 1/1
    72 | D:1      | Reached XP level 2. HP: 18/18 MP: 2/2
   499 | D:1      | Reached XP level 3. HP: 22/22 MP: 3/3
  1022 | D:2      | Reached XP level 4. HP: 27/27 MP: 4/4
  1359 | D:2      | Reached skill level 6 in Stealth
  1736 | D:2      | Reached XP level 5. HP: 32/32 MP: 5/5
  2023 | D:2      | Reached skill level 5 in Short Blades
  2094 | D:3      | Found a runed gate.
  2118 | D:3      | Found a runed gate.
  2118 | D:3      | Found a runed gate.
  2121 | D:3      | Noticed lilly's ghost (amateur FeFi)
  3311 | D:4      | Reached XP level 6. HP: 29/38 MP: 6/6
  3748 | D:4      | Found a sparkling altar of Nemelex Xobeh.
  3784 | D:5      | Entered Level 5 of the Dungeon
  3826 | D:5      | Noticed an ogre
  3870 | D:5      | Killed an ogre
  3870 | D:5      | Reached skill level 7 in Stealth
  3940 | D:5      | Found a staircase to the Ecumenical Temple.
  3949 | Temple   | Entered the Ecumenical Temple
  3980 | Temple   | Became a worshipper of Hepliaklqana the Forgotten
  4134 | D:5      | Noticed Prince Ribbit
  4155 | D:5      | Mangled by Prince Ribbit

Vault maps used:
D:1:      giann_bridges
D:2:      first_ration
D:3:      ebering_ghost_rock_garden, minmay_door_square
D:4:      nemelex_spade_bored_becter
D:5:      old_standard_altar, lemuel_coloured_pillars_altar,
          minmay_temple_entry_large_hall, uniq_prince_ribbit1
Temple:   eino_temple_lava

Skill      XL: |  1  2  3  4  5  6 |
---------------+-------------------+-----
Short Blades   | 3 4 5 6 |  6.5
Fighting       | 3 4 |  4.1
Stealth        | 6 7 |  7.1
Throwing       | |  2.1
Dodging        | |  1.2

Action                   |  1- 3 |  4- 6 || total
-------------------------+-------+-------++-------
Melee: Dagger            |    70 |   154 ||   224
 Fire: Blowgun           |       |    34 ||    34
 Stab: Sleeping          |    19 |    17 ||    36
  Eat: Chunk             |     9 |     9 ||    18
Armor: Robe              |     8 |       ||     8
       Leather armour    |       |    19 ||    19
       Ring mail         |       |    11 ||    11
Dodge: Dodged            |    40 |    80 ||   120

Table legend:
 A = Non-vault XP
 B = Vault XP
 C = Vault XP percentage of total XP
 D = Non-vault monster count
 E = Vault monster count
 F = Vault count percentage of total count
                 A         B        C        D         E       F
            +---------+---------+-------+---------+---------+-------
      Total |     488 |       0 |   0.0 |      81 |       0 |   0.0
            +---------+---------+-------+---------+---------+-------
        D:1 |      48 |       0 |   0.0 |      26 |       0 |   0.0
        D:2 |     113 |       0 |   0.0 |      22 |       0 |   0.0
        D:3 |      89 |       0 |   0.0 |      25 |       0 |   0.0
        D:4 |      64 |       0 |   0.0 |       5 |       0 |   0.0
        D:5 |     174 |       0 |   0.0 |       3 |       0 |   0.0
            +---------+---------+-------+---------+---------+-------
